 Dungeon Crawl Stone Soup version 0.22-a0-803-gd6d8abeff0 (webtiles) character file.

241 Mirvelgyr the Chopper (level 5, -18/70 HPs)
             Began as a Minotaur Berserker on July 22, 2018.
             Was a Believer of Trog.
             Demolished by an ogre
             ... wielding a +0 giant club
              (31 damage)
             ... on level 3 of the Dungeon.
             The game lasted 00:02:34 (1137 turns).

Mirvelgyr the Chopper (Minotaur Berserker)          Turns: 1137, Time: 00:02:35

Health: -18/70     AC:  5    Str: 26    XL:     5   Next: 80%
Magic:  4/4        EV: 12    Int:  4    God:    Trog [**....]
Gold:   108        SH:  0    Dex: 11    Spells: 4/4 levels left

rFire    . . .     SeeInvis .   a - +0 hand axe
rCold    . . .     Gourm    +   (no shield)
rNeg     . . .     Faith    .   g - +0 ring mail
rPois    .         Spirit   .   (helmet restricted)
rElec    .         Reflect  .   (no cloak)
rCorr    .         Harm     .   (no gloves)
MR       .....                  (no boots)
Stlth    ..........             i - amulet of the gourmand
HPRegen  0.21/turn              (no ring)
MPRegen  0.09/turn              (no ring)

@: berserking, very quick
A: retaliatory headbutt, horns 2
a: Berserk, Trog's Hand, Renounce Religion


You were on level 3 of the Dungeon.
You worshipped Trog.
Trog was pleased with you.
You were not hungry.

You visited 1 branch of the dungeon, and saw 3 of its levels.

You collected 108 gold pieces.

Inventory:

Hand Weapons
 a - a +0 hand axe (weapon)
Armour
 g - a +0 ring mail (worn)
Jewellery
 i - an amulet of the gourmand (around neck)
 k - an uncursed amulet of rage {unknown}
Scrolls
 e - a scroll of teleportation
 h - a scroll of blinking {unknown}
Potions
 b - 3 potions of degeneration {unknown}
 d - 4 potions of curing {unknown}
 j - 2 potions of haste {unknown}
 l - a potion of brilliance {unknown}
 m - a potion of flight {unknown}
Comestibles
 c - 3 rations


   Skills:
 + Level 4.7 Fighting
 * Level 5.7 Axes
 + Level 3.8 Armour
 + Level 3.6 Dodging


You had 4 spell levels left.
You didn't know any spells.
Your spell library was empty.

Dungeon Overview and Level Annotations

Branches:
Dungeon (3/15)

Altars:
Vehumet
Wu Jian


Innate Abilities, Weirdness & Mutations

You reflexively headbutt those who attack you in melee.
You have a pair of horns on your head.


Message History

You hit the ogre but do no damage. The ogre hits you but does no damage.
You hit the ogre but do no damage. The ogre hits you with a giant club!!
You hit the ogre.
The ogre is lightly wounded.
The ogre hits you with a giant club.
You hit the ogre. You headbutt the ogre.
The ogre is moderately wounded.
You hit the ogre.
The ogre is heavily wounded.
The ogre barely misses you.
You completely miss the ogre. You headbutt the ogre.
The ogre is severely wounded.
The ogre hits you with a giant club!
* * * LOW HITPOINT WARNING * * *
You are too injured to fight recklessly!
You are too injured to fight recklessly!
A red film seems to cover your vision as you go berserk!
You feel yourself moving faster!
You feel mighty!
You feel a lot more hungry. The ogre hits you with a giant club!!
You die...

############
#..........#
#..........# #####
#....†.....## ##....
####.:.........###.....
#....O@.........#......
...##...[....(.#.#......
...####.####...#......
.... #..>..#.........
... ................ ..
#####...#........ .
###..........
###........ ##.......


You could see an ogre.

Vanquished Creatures
  Sigmund (D:2)
  2 adders (D:2)
  An ooze (D:1)
  2 worms (D:2)
  3 leopard geckos
  2 giant cockroaches
  7 hobgoblins
  8 bats
  3 frilled lizards (D:1)
  6 goblins
  11 kobolds
  5 rats
51 creatures vanquished.

Vanquished Creatures (others)
  A kobold (D:2)
1 creature vanquished.

Grand Total: 52 creatures vanquished

Notes
Turn   | Place    | Note
-------+----------+-------------------------------------------
     0 | D:1      | Mirvelgyr the Minotaur Berserker began the quest for the Orb.
     0 | D:1      | Reached XP level 1. HP: 19/19 MP: 0/0
   106 | D:1      | Reached XP level 2. HP: 20/27 MP: 1/1
   111 | D:1      | Reached skill level 4 in Axes
   401 | D:2      | Reached XP level 3. HP: 33/33 MP: 2/2
   406 | D:2      | Reached ** piety under Trog
   699 | D:2      | Found a radiant altar of Vehumet.
   874 | D:2      | Found an ornate altar of the Wu Jian Council.
   904 | D:2      | Noticed Sigmund
   912 | D:2      | Killed Sigmund
   912 | D:2      | Reached skill level 5 in Axes
   912 | D:2      | Reached XP level 4. HP: 41/41 MP: 3/3
   912 | D:2      | Reached XP level 5. HP: 47/47 MP: 4/4
  1126 | D:3      | Noticed an ogre
  1137 | D:3      | Demolished by an ogre

Vault maps used:
D:1:      eino_arrival_water_star
D:2:      fiery_altar_vehumet, lemuel_coloured_pillars_altar, uniq_sigmund
D:3:      chequers_temple_overflow_minitemple, lemuel_round_altar, first_ration

Skill      XL: |  1  2  3 |
---------------+----------+-----
Axes           | 4 5 |  5.7
Fighting       | 4 |  4.7
Armour         | 3 |  3.8
Dodging        | 3 |  3.6

Action                   |  1- 3 |  4- 6 || total
-------------------------+-------+-------++-------
Melee: Hand axe          |    76 |    23 ||    99
       Headbutt          |     9 |     6 ||    15
Invok: Berserk           |     1 |     1 ||     2
       Trog's Hand       |     1 |       ||     1
  Use: Scroll            |     2 |     2 ||     4
  Eat: Chunk             |       |     4 ||     4
Armor: Ring mail         |    11 |     8 ||    19
Dodge: Dodged            |    54 |     6 ||    60

Table legend:
 A = Spawn XP
 B = Non-spawn XP
 C = Spawn XP percentage of total XP
 D = Spawn monster count
 E = Non-spawn monster count
 F = Spawn count percentage of total count
 G = Total turns spent on level
                    A         B        C        D         E        F      G
               +---------+---------+-------+---------+---------+-------+---------
         Total |       0 |     345 |   0.0 |       0 |      51 |   0.0 |  1137
               +---------+---------+-------+---------+---------+-------+---------
           D:1 |       0 |      29 |   0.0 |       0 |      18 |   0.0 |   352
           D:2 |       0 |     309 |   0.0 |       0 |      29 |   0.0 |   675
           D:3 |       0 |       7 |   0.0 |       0 |       4 |   0.0 |   110
               +---------+---------+-------+---------+---------+-------+---------
